 Dungeon Crawl Stone Soup version 0.26-a0-660-gc07710193c (webtiles) character file.

Game seed: 1797136988981477138

11659 heikuro the Spear-Bearer (level 12, -10/103 HPs)
             Began as a Formicid Abyssal Knight on Oct 5, 2020.
             Was a High Priest of Lugonu.
             Mangled by a boulder beetle (45 damage)
             ... on level 11 of the Dungeon.
             The game lasted 00:29:48 (17161 turns).

heikuro the Spear-Bearer (Formicid Abyssal Knight) Turns: 17161, Time: 00:29:49

Health: -10/103    AC: 18    Str: 21    XL:     12   Next: 10%
Magic:  18/18      EV:  3    Int: 13    God:    Lugonu [*****.]
Gold:   551        SH: 14    Dex: 10    Spells: 11/11 levels left

rFire    + . .     SeeInvis +   a - +2 glaive
rCold    . . .     Faith    .   E - +0 tower shield
rNeg     . . .     Spirit   .   P - +0 plate armour
rPois    .         Reflect  .   (helmet unavailable)
rElec    .         Harm     .   H - +0 cloak
rCorr    .         Rampage  .   N - +0 pair of gloves
MR       ++...                  (no boots)
Stlth    ..........             (no amulet)
HPRegen  0.27/turn              B - ring of protection from magic
MPRegen  0.16/turn              u - ring of protection from fire

@: no status effects
A: permanent stasis, dig shafts and tunnels, four strong arms, antennae 3, thin
metallic scales 1, robust 1
a: Dig, Shaft Self, Depart the Abyss, Bend Space, Banish, Corrupt, Enter the
Abyss, Renounce Religion


You were on level 11 of the Dungeon.
You worshipped Lugonu.
Lugonu was extremely pleased with you.
You visited 2 branches of the dungeon, and saw 12 of its levels.
You visited the Abyss 1 time.

You collected 551 gold pieces.

Inventory:

Hand Weapons
 a - a +2 glaive (weapon)
 b - a +0 hunting sling
Missiles
 h - 58 sling bullets
 n - 12 poisoned darts (quivered)
 x - a throwing net
 y - 11 boomerangs
 D - 6 javelins
Armour
 E - a +0 tower shield (worn)
 H - a +0 cloak (worn)
 N - a +0 pair of gloves (worn)
 P - a +0 plate armour (worn)
Jewellery
 g - an uncursed ring of positive energy
 j - an uncursed ring of protection from cold
 u - a ring of protection from fire (right hand)
 B - a ring of protection from magic (left hand)
 C - an uncursed ring of fire
Wands
 m - a wand of paralysis (9)
 F - a wand of acid (23)
 G - a wand of flame (12)
 I - a wand of disintegration (9)
 K - a wand of polymorph (14)
 L - a wand of iceblast (4)
 O - a wand of enslavement (11)
Scrolls
 d - 6 scrolls of remove curse
 f - a scroll of enchant weapon
 k - a scroll of magic mapping {unknown}
 l - 3 scrolls of enchant armour {unknown}
 o - 3 scrolls of noise {unknown}
 p - 4 scrolls of fog {unknown}
 q - 2 scrolls of amnesia
 t - a scroll of immolation {unknown}
 A - 2 scrolls of identify
 J - a scroll of fear {unknown}
Potions
 c - 2 potions of mutation
 e - 5 potions of curing
 i - a potion of ambrosia
 s - 2 potions of brilliance
 v - a potion of resistance
 w - a potion of heal wounds
 z - a potion of flight
 M - a potion of might


   Skills:
 + Level 8.8 Fighting
 * Level 10.8 Polearms
 + Level 6.9 Slings
 + Level 8.5 Armour
 - Level 1.0 Dodging
 + Level 5.1 Shields
 + Level 9.2 Invocations


You had 11 spell levels left.
You didn't know any spells.
Your spell library contained the following spells:

 Spells                   Type           Power        Failure   Level
 Beastly Appendage        Tmut           #.....       100%        1
 Wereblood                Tmut           #.......     100%        2
 Confusing Touch          Hex            #.......     100%        3
 Gell's Gravitas          Tloc           #.........   100%        3
 Spider Form              Tmut/Pois      #.........   100%        3
 Ice Form                 Ice/Tmut       #.......     100%        4
 Petrify                  Tmut/Erth      #.......     100%        4
 Blade Hands              Tmut           #.........   100%        5
 Metabolic Englaciation   Hex/Ice        #.........   100%        5
 Yara's Violent Unravell  Hex/Tmut       #.........   100%        5


Dungeon Overview and Level Annotations

Branches:
Dungeon (11/15)            Temple (1/1) D:4            Lair (0/6) D:11
    Orc: D:9-12

Altars:
Ashenzari
Cheibriados
Dithmenos
Elyvilon
Fedhas
Gozag
Hepliaklqana
Kikubaaqudgha
Makhleb
Nemelex Xobeh
Okawaru
Qazlal
Ru
Sif Muna
Trog
Uskayaw
Vehumet
Wu Jian
Xom
Yredelemnul
Zin
The Shining One
Beogh

Shops:
D:6 (   D:10 }

Annotations:
D:11 1 runed translucent door
Abyss:1 Duvessa


Innate Abilities, Weirdness & Mutations

You cannot be hasted, slowed, berserked, paralysed or teleported.
You can dig through walls and to a lower floor.
Your four strong arms can wield two-handed weapons with a shield.
You have a pair of large antennae on your head. (SInv)
You are partially covered in thin metallic scales. (AC +2)
You are robust. (+10% HP)


Message History

The efreet gestures at you. The bolt of fire hits you. You resist.
You are too injured to fight recklessly!
You slash the efreet!
The efreet is severely wounded.
You block the wight's attack. The efreet gestures at you.
The fireball explodes!
The fireball engulfs you! You resist.
The fireball engulfs the plant!!!
The plant begins to die.
The fireball engulfs the efreet.
The efreet completely resists.
The fireball engulfs the wight!!
The wight is destroyed!
Unknown command.
You slash the efreet!
You kill the efreet!
Lugonu accepts your kill.
The boulder beetle curls into a ball and begins rolling!
Unknown command.
The boulder beetle hits you!!!
You die...

##.......# ...#
#........##...##
#.......)....... ###
#...............
###>#####...............
#.......................
#.##P..##.)○...B.##...##
#...†PP.#.B####### ...#
#.#.≈≈≈≈PP.@.....## ...#
#.#≈≈P♣≈≈≈≈.......#
...#....
#..≈♣♣♣♣♣♣........#
#.... #.P≈P♣ ♣≈§......##
#.... #.P≈≈♣♣♣♣≈≈.######
##)... ##.P≈≈P≈≈≈≈.#
#..... ##.≈P≈.≈..##
+..... ###≈....## #.....
##.PP## #.....


You could see a boulder beetle.

Vanquished Creatures
  A tengu warrior (D:9)
  2 unseen horrors (D:11)
  3 ugly things (D:10)
  A centaur zombie (D:10)
  A gargoyle (D:11)
  An efreet (D:11)
  A tengu conjurer (D:8)
  2 trolls (D:10)
  A wraith (D:10)
  A shadow (D:11)
  A wyvern (D:9)
  A basilisk (D:9)
  3 yaks (D:10)
  A water moccasin (D:8)
  4 orc warriors
  A black bear (D:8)
  2 ice beasts
  4 sky beasts
  11 ogres
  2 phantoms
  6 centaurs
  6 bullfrogs
  A gnoll sergeant (D:9)
  Dowan (D:6)
  7 scorpions
  12 killer bees
  2 electric eels
  6 wights
  A howler monkey (D:7)
  A bullfrog zombie (D:7)
  2 jellies
  A quasit (D:7)
  2 centaur skeletons
  5 hounds
  6 orc priests
  2 bullfrog skeletons
  7 orc wizards
  4 iguanas
  12 worker ants
  A hound skeleton (D:2)
  A worker ant zombie (D:9)
  Robin (D:3)
  11 gnolls
  10 adders
  3 shadow imps
  3 white imps
  2 ufetubi
  An ooze (D:3)
  4 adder skeletons
  7 worms
  3 dart slugs
  8 leopard geckos
  38 orcs
  A bat skeleton (D:2)
  3 giant cockroaches
  12 goblins
  12 hobgoblins
  10 jackals
  9 kobolds
  6 quokkas
  4 ball pythons (D:3)
  4 bats
  3 frilled lizards
  A giant cockroach zombie (D:2)
  2 quokka skeletons (D:9)
  5 rats
293 creatures vanquished.

Vanquished Creatures (others)
  2 wights (D:11)
  An orc (D:5)
  8 plants (D:11)
11 creatures vanquished.

Grand Total: 304 creatures vanquished

Notes
Turn   | Place    | Note
-------+----------+-------------------------------------------
     0 | Abyss:1  | heikuro the Formicid Abyssal Knight began the quest for the
                  | Orb.
     0 | Abyss:1  | Reached XP level 1. HP: 18/18 MP: 2/2
    76 | Abyss:1  | Noticed a raiju
    77 | D:1      | Escaped the Abyss
   129 | D:1      | Reached * piety under Lugonu
   326 | D:1      | Reached skill level 1 in Dodging
   558 | D:1      | Reached XP level 2. HP: 16/24 MP: 3/3
  1009 | D:2      | Reached XP level 3. HP: 28/29 MP: 4/4
  1345 | D:2      | Reached skill level 3 in Polearms
  1345 | D:2      | Reached XP level 4. HP: 37/37 MP: 6/6
  1890 | D:2      | Reached ** piety under Lugonu
  1898 | D:2      | Reached XP level 5. HP: 41/42 MP: 7/7
  2252 | D:3      | Reached skill level 4 in Polearms
  2252 | D:3      | Reached XP level 6. HP: 45/48 MP: 8/8
  2270 | D:3      | Found a shadowy altar of Dithmenos.
  2662 | D:3      | Noticed Robin
  2669 | D:3      | Killed Robin
  3772 | D:3      | Reached XP level 7. HP: 24/55 MP: 10/10
  4230 | D:3      | Reached skill level 5 in Polearms
  4387 | D:4      | Found a staircase to the Ecumenical Temple.
  4439 | Temple   | Entered the Ecumenical Temple
  4614 | D:4      | Reached skill level 5 in Fighting
  4782 | D:4      | Reached *** piety under Lugonu
  4938 | D:5      | Entered Level 5 of the Dungeon
  4960 | D:5      | Found a bloodstained altar of Trog.
  5031 | D:5      | Reached XP level 8. HP: 50/62 MP: 11/11
  5344 | D:5      | Reached skill level 5 in Invocations
  5693 | D:5      | Reached skill level 6 in Polearms
  5966 | D:5      | Found a runed translucent door.
  6036 | D:5      | Found a sacrificial altar of Ru.
  6138 | D:5      | Reached skill level 1 in Slings
  6138 | D:5      | Reached skill level 5 in Armour
  6783 | D:6      | Reached XP level 9. HP: 7/69 MP: 13/13
  7353 | D:6      | Reached skill level 7 in Polearms
  7396 | D:6      | Gained mutation: You are robust. (+10% HP) [potion of
                  | mutation]
  7396 | D:6      | Gained mutation: You are partially covered in thin metallic
                  | scales. (AC +2) [potion of mutation]
  7668 | D:7      | Found a hide-covered altar of Uskayaw.
  7695 | D:6      | Noticed Duvessa
  7695 | D:6      | Noticed Dowan
  7701 | D:6      | Killed Dowan
  7708 | D:6      | Reached **** piety under Lugonu
  7708 | D:6      | Banished Duvessa
  8020 | D:7      | Found a hazy altar of Hepliaklqana.
  8209 | D:6      | Found Louwos's Weapon Boutique.
  8720 | D:6      | Reached skill level 8 in Polearms
  8988 | D:8      | Found a white marble altar of Elyvilon.
  9169 | D:8      | Reached XP level 10. HP: 79/84 MP: 15/15
  9505 | D:8      | Found a glowing silver altar of Zin.
 10344 | D:8      | Found an iron altar of Okawaru.
 10672 | D:8      | Found a sparkling altar of Nemelex Xobeh.
 10672 | D:8      | Found a blossoming altar of Fedhas.
 10799 | D:8      | Found a burning altar of Makhleb.
 10801 | D:8      | Found a broken altar of Ashenzari.
 10803 | D:8      | Found a shimmering blue altar of Sif Muna.
 10835 | D:9      | Noticed a tengu warrior
 11079 | D:9      | Reached skill level 9 in Polearms
 11231 | D:9      | Reached skill level 5 in Slings
 11231 | D:9      | Reached skill level 1 in Shields
 12580 | D:9      | Killed a tengu warrior
 12580 | D:9      | Reached XP level 11. HP: 20/94 MP: 14/17
 12890 | D:10     | Entered Level 10 of the Dungeon
 13679 | D:10     | Reached ***** piety under Lugonu
 13722 | D:10     | Reached skill level 10 in Polearms
 14067 | D:10     | Found Hugeistugo's Gadget Shoppe.
 14129 | D:10     | Got a warped falchion
 14131 | D:10     | Identified the +1 falchion "Ohias" {venom, rPois} (You
                  | found it on level 10 of the Dungeon)
 14168 | D:10     | Noticed a white ugly thing
 14180 | D:10     | Killed a white ugly thing
 15357 | D:11     | Noticed an unseen horror
 15368 | D:11     | Killed an unseen horror
 15399 | D:11     | Noticed a cyan ugly thing
 15455 | D:10     | Killed a cyan ugly thing
 15812 | D:11     | Noticed an ogre mage
 15813 | D:11     | Found a large runed translucent door.
 16170 | D:5      | Found a roughly hewn altar of Beogh.
 16790 | D:11     | Noticed a red ugly thing
 16804 | D:10     | Killed a red ugly thing
 17043 | D:11     | Noticed an unseen horror
 17048 | D:11     | Killed an unseen horror
 17048 | D:11     | Reached skill level 5 in Shields
 17048 | D:11     | Reached XP level 12. HP: 103/103 MP: 18/18
 17054 | D:11     | Found a staircase to the Lair.
 17155 | D:11     | Noticed a boulder beetle
 17161 | D:11     | Mangled by a boulder beetle

Illustrated notes

Levels and vault maps discovered:
D:1:      tarquinn_simple_flora_water_b, layout_basic
D:2:      layout_basic, serial_undead, serial_undead_c, serial_undead_c,
          serial_undead_f, serial_undead_d, moated_statue
D:3:      layout_loops_corners, grunt_dithmenos_smoke_and_mirrors,
          minmay_snake_closets, uniq_robin
D:4:      layout_rooms, minmay_temple_entry_antechambers
D:5:      layout_loops_corners, nicolae_ru_sacrificial_ziggurat,
          lemuel_doored_altar, lightli_church_of_beogh
D:6:      layout_loops_ring, serial_shops, shop, minmay_curled_crystal,
          uniq_duvessa
D:7:      layout_gridville, nicolae_overflow_crystal_walls, marbit_many_paths
D:8:      layout_basic, elyvilon_altar_3, chequers_temple_overflow_minitemple,
          old_standard_altar, basic_altar, kennysheep_big_empty_room
D:9:      layout_irregular_city
D:10:     layout_layer_cave, serial_shops, shop, minivault_26,
          chequers_serial_rivers_micro_a
D:11:     layout_gridville, lair_entry_dummy, serial_bayou, serial_bayou_pond_c,
          serial_bayou_pond_b, serial_bayou_pond_a, serial_bayou_pond_b,
          minmay_misc_feat_rows, jmf_multi_god_temple2
Temple:   eino_temple_lava

Skill      XL: |  1  2  3  4  5  6  7  8  9 10 11 |
---------------+----------------------------------+-----
Dodging        | 1 |  1.0
Polearms       | 3 4 5 6 8 9 10 | 10.8
Invocations    | 3 4 5 6 8 9 |  9.2
Armour         | 3 4 5 6 7 8 |  8.5
Fighting       | 4 5 6 7 8 |  8.8
Slings         | 2 4 5 6 |  6.9
Shields        | 3 5 |  5.1

Action                   |  1- 3 |  4- 6 |  7- 9 | 10-12 || total
-------------------------+-------+-------+-------+-------++-------
Melee: Spear             |    76 |   288 |   519 |   223 ||  1106
       Halberd           |       |       |       |   103 ||   103
       Glaive            |       |       |       |   316 ||   316
 Fire: Hunting sling     |       |       |     5 |    23 ||    28
Throw: Dart              |       |       |    34 |    63 ||    97
Invok: Depart the Abyss  |     1 |       |       |       ||     1
       Bend Space        |       |       |    10 |    15 ||    25
       Banish            |       |       |     1 |       ||     1
 Abil: Dig               |       |       |       |     3 ||     3
Evoke: Wand              |       |       |       |     4 ||     4
  Use: Scroll            |       |     2 |    13 |     2 ||    17
       Potion            |       |       |     2 |     1 ||     3
 Stab: Paralysed         |       |       |       |     4 ||     4
Armor: Ring mail         |     1 |       |       |       ||     1
       Scale mail        |    25 |    36 |       |       ||    61
       Chain mail        |       |    40 |   253 |   248 ||   541
       Plate armour      |       |       |       |    23 ||    23
Dodge: Dodged            |    26 |    94 |   149 |    97 ||   366
Block: Tower shield      |       |       |       |   311 ||   311

Table legend: (Time is in decaauts)
 A = Elapsed time spent in this place.
 B = Non-inter-level travel time spent in this place.
 C = Inter-level travel time spent in this place.
 D = Time resting spent in this place.
 E = Time spent auto-exploring this place.
 F = Levels seen in this place.
 G = Mean time per level.
                   A        B        C        D        E       F      G
               +--------+--------+--------+--------+--------+-----+--------+
         Total |  17095 |  16006 |   1089 |   5286 |   6832 |  13 | 1315.0 |
       Dungeon |  16919 |  15837 |   1082 |   5286 |   6676 |  11 | 1538.1 |
        Temple |     98 |     91 |      7 |      0 |     91 |   1 |   98.0 |
         Abyss |     77 |     77 |      0 |      0 |     65 |   1 |   77.0 |
               +--------+--------+--------+--------+--------+-----+--------+

Top non-repeatable levels by time:
    D:10: 3363 daAuts
     D:5: 2165 daAuts
     D:9: 2059 daAuts
     D:3: 2031 daAuts
     D:8: 2008 daAuts
     D:6: 1664 daAuts
     D:2: 1191 daAuts
     D:1: 932 daAuts
     D:4: 667 daAuts
     D:7: 457 daAuts
    D:11: 378 daAuts
  Temple: 98 daAuts
 Abyss:1: 77 daAuts
